 Dungeon Crawl Stone Soup version 0.30-a0-738-g116ff8c4af (webtiles) character file.

Game seed: 1223315288416458044

17481 MackTheKnife the Slicer (level 12, 0/96 HPs)
             Began as a Vampire Wanderer on Feb 3, 2023.
             Was a High Priest of Wu Jian.
             Slain by a five-headed hydra (10 damage)
             ... on level 2 of the Lair of Beasts.
             The game lasted 00:25:45 (11661 turns).

MackTheKnife the Slicer (Vampire Wanderer)         Turns: 11661, Time: 00:25:46

Health: 0/96       AC:  6    Str: 12    XL:     12   Next: 19%
Magic:  17/17      EV: 19    Int: 15    God:    Wu Jian [*****.]
Gold:   513        SH:  0    Dex: 20    Spells: 10/18 levels left

rFire   + . .      SeeInvis +    a - +2 short sword (venom) {short}
rCold   + . .      Faith    .    (no shield)
rNeg    + . .      Spirit   .    i - +1 robe of Maoqe {Drain rPois rN+ Str+3 SInv}
rPois   +          Reflect  .    r - +0 helmet
rElec   .          Harm     .    D - scarf {rC+ rF+}
rCorr   .          Rampage  .    (no gloves)
Will    ++...                    w - +1 pair of boots
Stlth   ++++                     C - amulet of the acrobat
HPRegen 0.56/turn                u - ring of willpower
MPRegen 0.15/turn                (no ring)

@: about to teleport, healing quickly
A: alive, fangs 3, see invisible, vampiric 2
a: Exsanguinate, Renounce Religion, Wall Jump, Serpent's Lash, Heavenly Storm


You were on level 2 of the Lair of Beasts.
You worshipped Wu Jian.
Wu Jian was extremely pleased with you.
You visited 2 branches of the dungeon, and saw 12 of its levels.

You collected 513 gold pieces.


Innate Abilities, Weirdness & Mutations

Your natural rate of healing is accelerated.
You have razor-sharp teeth.
You have supernaturally acute eyesight. (SInv)
You are afflicted with vampirism and can become a bat while bloodless.


   Skills:
 + Level 9.6 Fighting
 - Level 10.0 Short Blades
 - Level 1.0 Staves
 - Level 1.0 Armour
 - Level 10.0 Dodging
 + Level 8.6 Stealth
 - Level 3.7 Spellcasting
 - Level 3.6 Conjurations
 - Level 4.2 Transmutations
 - Level 4.9 Air Magic
 - Level 5.0 Poison Magic
 - Level 1.0 Invocations
 - Level 1.0 Evocations


You had 10 spell levels left.
You knew the following spells:

 Your Spells              Type           Power      Damage    Failure   Level
a - Sting                 Tmut/Pois      64%        1d6       2%          1
b - Wereblood             Tmut           15%        N/A       4%          2
c - Blink                 Tloc           4%         N/A       28%         2
d - Mephitic Cloud        Conj/Pois/Air  16%        N/A       9%          3

Your spell library contained the following spells:

 Spells                   Type           Power      Damage    Failure   Level
 Beastly Appendage        Tmut           30%        N/A       3%          1
 Poisonous Vapours        Pois/Air       34%        N/A       3%          2
 Cigotuvi's Dreadful Rot  Necr/Pois/Air  24%        N/A       7%          2
 Spider Form              Tmut/Pois      16%        N/A       9%          3
 Momentum Strike          Conj/Tloc      16%        3d8       13%         2
 Summon Small Mammal      Summ           8%         N/A       19%         1
 Lesser Beckoning         Tloc           4%         N/A       28%         2
 Call Canine Familiar     Summ           2%         N/A       50%         3
 Summon Guardian Golem    Hex/Summ       2%         N/A       50%         3
 Malign Gateway           Summ/Tloc      1%         N/A       100%        7
 Summon Horrible Things   Summ           1%         N/A       100%        8

Inventory:

Hand Weapons
 a - a +2 short sword of venom (weapon) {short}
   (You took it off a kobold on level 1 of the Dungeon)
 b - a +1 rapier {short}
   (You found it on level 4 of the Dungeon)
Missiles
 e - 26 poisoned darts {throwing}
 v - 4 atropa-tipped darts {throwing}
 B - 3 curare-tipped darts {=fthrowing}
Armour
 i - the +1 robe of Maoqe (worn) {Drain rPois rN+ Str+3 SInv}
   (You found it on level 5 of the Dungeon)

   Str:       It affects your strength (+3).
   rPois:     It protects you from poison.
   rN:        It protects you from negative energy.
   SInv:      It lets you see invisible.
   Drain:     It drains your maximum health when unequipped.
 r - a +0 helmet (worn)
   (You found it on level 3 of the Dungeon)
 w - a +1 pair of boots (worn)
 D - a scarf of resistance (worn)
   (You found it on level 8 of the Dungeon)
Jewellery
 j - a ring of wizardry
   (You found it on level 5 of the Dungeon)
 u - a ring of willpower (left hand)
   (You found it on level 3 of the Dungeon)
 C - an amulet of the acrobat (around neck)
   (You found it on level 10 of the Dungeon)
Wands
 t - a wand of paralysis (3)
   (You found it on level 10 of the Dungeon)
Scrolls
 c - a scroll of vulnerability {!r!r}
 g - 8 scrolls of teleportation {@r4}
 h - 4 scrolls of blinking {!r}
 k - 2 scrolls of fear
 p - a scroll of summoning
 x - 2 scrolls of poison
 y - a scroll of immolation {!r!r}
 A - a scroll of fog
Potions
 d - 4 potions of brilliance
 f - 2 potions of mutation {!q}
 l - a potion of attraction {!q}
 m - 5 potions of curing {unknown}
 n - 2 potions of might {unknown}
 o - 2 potions of degeneration {!q@e2}
 q - 2 potions of haste {@q3}
 s - 2 potions of flight
 z - a potion of heal wounds {@q2}

Dungeon Overview and Level Annotations

Branches:
Dungeon (10/15) Zot: 25821  Temple (0/1) D:6            Lair (2/5) D:10 Zot: 10467
    Orc (0/2) D:9
  Swamp: Lair:2-3    Shoals: Lair:2-3     Snake: Lair:2-3    Spider: Lair:2-3

Altars:
Ashenzari
Fedhas
Gozag
Hepliaklqana
Nemelex Xobeh
Sif Muna
Trog
Uskayaw
Wu Jian
Xom
Yredelemnul

Shops:
D:5 *

Annotations:
D:3 3 runed translucent doors, mrw0lf's ghost, amateur DsHu
D:4 exclusion: door, Blork the orc; Eustachio
D:8 Domino's ghost, novice MiFi

#..P~~~~PPP..P#####......
.....~~≈≈PPP...........###
....P~≈≈≈PPP..............
....P~~≈~PPP..........P.P#
.F..PP.P.PPP.##.####.P..##
##...........#### ######
...........# ......[D...#
.......@...# .........[.#
...........# ............#
............#
...........## ....##P#.###
#P.. ## ##


You could see a five-headed hydra (extremely poisoned).


Message History

😨 HP[+1]
The blink frog blinks!
You see here a bullfrog corpse. 😨 HP[+1]
You puncture the blink frog!
The blink frog looks more healthy.
The blink frog completely misses you.
You spin and attack the blink frog repeatedly.
You hit the blink frog.
The blink frog is poisoned.
You hit the blink frog.
You kill the blink frog!
The Council accepts your kill.
You feel less exhausted. 😨 HP[+1]
You start resting. 😎 HP[+51]
Your hp is fully restored (96).
Okay, then.
You start putting on your amulet.
You continue putting on your amulet of the acrobat. x5
You finish putting on your amulet of the acrobat.
You feel ready to tumble and roll out of harm's way.
C - an amulet of the acrobat (around neck) Key pressed, stopping explore.
Key pressed, stopping explore.
Key pressed, stopping explore.
You see here 7 stones {throwing}.
o - 2 potions of degeneration {!q@e2} (gained 1)
m - 5 emerald potions (gained 1)
A five-headed hydra comes into view.
Aiming: Paralyse
Press: ? - help, Shift-Dir - straight line, f - five-headed hydra
Aim: a five-headed hydra (wandering, hasn't noticed you, chance to affect: 19%)
Okay, then.
Okay, then.
You lunge at the five-headed hydra, in a flurry of attacks.
You completely miss the five-headed hydra.
Your bite misses the five-headed hydra. You puncture the five-headed hydra!
The five-headed hydra is poisoned.
The five-headed hydra misses you.
The five-headed hydra closely misses you.
The five-headed hydra bites you. x2; The five-headed hydra misses you. 😕 HP[-9]
You take 9 damage, and now have 87/96 hp.
You spin and attack the five-headed hydra repeatedly.
You hit the five-headed hydra.
The five-headed hydra looks as sick as possible!
You puncture the five-headed hydra!
The five-headed hydra looks as sick as possible!
The five-headed hydra bites you.
The five-headed hydra closely misses you.
The five-headed hydra completely misses you.
The five-headed hydra bites you.
The five-headed hydra bites you but does no damage. 😕 HP[-8]
You take 8 damage, and now have 79/96 hp.
You spin and attack the five-headed hydra repeatedly.
You hit the five-headed hydra.
The five-headed hydra looks as sick as possible!
You barely miss the five-headed hydra. The five-headed hydra bites you!
The five-headed hydra bites you.
The five-headed hydra barely misses you.
The five-headed hydra bites you!
The five-headed hydra barely misses you. 😮 HP[-16]
You take 16 damage, and now have 63/96 hp.
You hit the five-headed hydra but do no damage.
The five-headed hydra bites you!
The five-headed hydra closely misses you.
The five-headed hydra bites you!
* * * LOW HITPOINT WARNING * * *
The five-headed hydra completely misses you.
The five-headed hydra barely misses you. 😨 HP[-26]
You take 26 damage, and now have 37/96 hp.
MASSIVE DAMAGE!! (PAUSE) Unknown command.
Aiming: Paralyse
Press: ? - help, Shift-Dir - straight line, f - five-headed hydra
Aim: a five-headed hydra (moderately wounded, extremely poisoned, chance to affect: 19%)
Okay, then.
Unknown command.
As you read the scroll of teleportation {@r4}, it crumbles to dust.
You feel strangely unstable. The five-headed hydra bites you.
* * * LOW HITPOINT WARNING * * *
The five-headed hydra bites you!
* * * LOW HITPOINT WARNING * * *
The five-headed hydra bites you!
* * * LOW HITPOINT WARNING * * *
The five-headed hydra closely misses you.
The five-headed hydra bites you.
* * * LOW HITPOINT WARNING * * *
Unknown command. 😱 HP[-27]
You take 27 damage, and now have 10/96 hp.
MASSIVE DAMAGE!! (PAUSE) Unknown command.
Unknown command.
The five-headed hydra attacks as you move away!
The five-headed hydra bites you but does no damage.
The five-headed hydra bites you!
You die...

Skill      XL: |  1  2  3  4  5  6  7  8  9 10 11 12 |
---------------+-------------------------------------+-----
Stealth        | 2 4 6 8 |  8.6
Transmutations | 2 3 4 |  4.2
Spellcasting   | 2 3 |  3.7
Short Blades   | 2 5 7 8 9 10 | 10.0
Fighting       | 4 6 7 9 |  9.6
Dodging        | 5 7 9 10 | 10.0
Poison Magic   | 3 5 |  5.0
Air Magic      | 3 4 |  4.9
Conjurations   | 2 3 |  3.6
Staves         | |  1.0
Armour         | |  1.0
Invocations    | |  1.0
Evocations     | |  1.0

Action                     |  1- 3 |  4- 6 |  7- 9 | 10-12 || total
---------------------------+-------+-------+-------+-------++-------
  Melee: Quarterstaff      |    10 |       |       |       ||    10
         Bite              |     6 |     6 |    50 |   130 ||   192
         Short sword       |    78 |    77 |   511 |   692 ||  1358
         Punch             |       |       |     7 |    13 ||    20
         Rapier            |       |       |       |    10 ||    10
  Throw: Dart              |     9 |       |       |       ||     9
   Cast: Sting             |    11 |    34 |     3 |       ||    48
         Wereblood         |       |       |     4 |       ||     4
         Mephitic Cloud    |       |       |       |    18 ||    18
 Invoke: Serpent's Lash    |       |       |     1 |     3 ||     4
Ability: Whirlwind         |       |     2 |    71 |    38 ||   111
         Lunge             |       |     2 |    22 |    40 ||    64
         Wall Jump         |       |       |     7 |     1 ||     8
  Evoke: Wand              |       |       |     3 |    12 ||    15
    Use: Potion            |       |     4 |       |       ||     4
         Scroll            |       |       |    13 |     8 ||    21
   Stab: Sleeping          |     4 |     4 |    13 |    11 ||    32
         Distracted        |       |     1 |     1 |       ||     2
         Paralysed         |       |       |     1 |     4 ||     5
         Confused          |       |       |       |    32 ||    32
 Armour: Leather armour    |    23 |    11 |     1 |       ||    35
         Robe              |       |       |    75 |    31 ||   106
  Dodge: Dodged            |    46 |    41 |   249 |   276 ||   612

Levels and vault maps discovered:
D:1:      dpeg_arrival_fog, layout_loops_cross, minmay_hexomino_u4
D:2:      layout_rooms, reono_crystal_passage, st_stairs_5
D:3:      layout_basic, nicolae_tso_swordbearing_angel,
          shapermc_ecumenical_altar_hornbeckon, ebering_ghost_gozag,
          uniq_natasha
D:4:      layout_cave_pools, general_overflow_altar,
          lemuel_coloured_pillars_altar,
          mainiacjoe_overflow_concentric_impassable, led_sif_book, st_stairs_12,
          nicolae_underground_beach, uniq_blork_the_orc, uniq_sigmund,
          uniq_eustachio
D:5:      nicolae_cairo_tiling_large, layout_loops_ring,
          ashenzari_conservatory_becter, serial_shops, kennysheep_little_box,
          serial_bayou_pond_d, st_stairs_4
D:6:      layout_layer_cave, minmay_temple_entry_stoned_glass,
          uniq_prince_ribbit1
D:7:      cheibrodos_quashed, layout_rooms, nicolae_uskayaw_dance_hall,
          nicolae_nh_ransacked_shop
D:8:      layout_basic, lemuel_tele_altar, mainiacjoe_overflow_catwalk,
          mainiacjoe_overflow_24_doors, gammafunk_ghost_nasty_kobolds
D:9:      cheibrodos_barr_body, layout_irregular_city,
          mainiacjoe_overflow_boulevard, orc_0_dummy, minmay_ruffians
D:10:     layout_irregular_city, mainiacjoe_overflow_paths,
          mainiacjoe_overflow_small_starburst, dpeg_oklobed_lair,
          serial_co_window_serial, co_window_paths_a, co_window_paths_a,
          co_window_of_opportunity_a, co_window_corner_a, co_window_corner_a,
          co_window_broadway_a, co_window_corner_ca, co_window_of_opportunity_b,
          co_window_paths_c, co_window_of_opportunity_c, co_window_corner_b,
          uniq_joseph
Lair:1:   layout_cellular_growth, lemuel_fruit_tree, uniq_erica
Lair:2:   layout_gridlike, dummy_spider_entry, infiniplex_staircase_pool_2,
          uniq_fannar

Notes
Turn   | Place    | Note
-------+----------+-------------------------------------------
     0 | D:1      | MackTheKnife the Vampire Wanderer began the quest for the
                  | Orb.
     0 | D:1      | MackTheKnife set off with the following items: a +0
                  | quarterstaff {staff}, a +0 pair of boots, a scroll of
                  | vulnerability {!r!r}, a +0 robe; and the following spell
                  | memorised: Sting; and the following spells available to
                  | memorise: Cigotuvi's Dreadful Rot, Spider Form.
     0 | D:1      | Reached XP level 1. HP: 16/16 MP: 2/2
     0 | D:1      | magus.rc [v1.9.6]
     5 | D:1      | magus.rc [v1.9.6]
   121 | D:1      | Reached skill level 1 in Stealth
   266 | D:1      | Reached skill level 2 in Stealth
   393 | D:1      | Reached XP level 2. HP: 22/22 MP: 0/3
   462 | D:1      | Reached skill level 3 in Stealth
   610 | D:1      | Reached skill level 4 in Stealth
   659 | D:1      | Gained mutation: You are afflicted with vampirism and can
                  | become a bat while bloodless. [Vampire growth]
   659 | D:1      | Reached XP level 3. HP: 27/27 MP: 4/4
   896 | D:2      | You pick up a book of Changes and begin reading...
   896 | D:2      | You add the spells Beastly Appendage and Wereblood to your
                  | library.
   900 | D:2      | Learned a level 2 spell: Wereblood
   945 | D:2      | Reached skill level 1 in Transmutations
  1109 | D:2      | Reached skill level 2 in Transmutations
  1163 | D:2      | Reached XP level 4. HP: 29/33 MP: 5/5
  1302 | D:2      | You add the spells Malign Gateway and Summon Horrible
                  | Things to your library.
  1584 | D:3      | Noticed Natasha
  1594 | D:3      | HP: 2/33 [Natasha/magic dart (10)]
  1595 | D:3      | Reached skill level 3 in Transmutations
  1602 | D:3      | Killed Natasha
  1603 | D:3      | Reached XP level 5. HP: 29/38 MP: 2/7
  1653 | D:3      | Noticed Natasha
  1670 | D:3      | Killed Natasha
  1671 | D:3      | Reached skill level 2 in Spellcasting
  1778 | D:3      | Reached skill level 4 in Transmutations
  1874 | D:3      | Found a faded altar of an unknown god.
  1881 | D:3      | Prayed at the altar of an unknown god.
  1881 | D:3      | Became a worshipper of the Wu Jian Council
  1881 | D:3      | Reached * piety under Wu Jian
  2109 | D:3      | Noticed Natasha
  2115 | D:3      | Killed Natasha
  2142 | D:3      | You pick up a book of Callings and begin reading...
  2142 | D:3      | You add the spells Summon Small Mammal, Call Canine
                  | Familiar and Summon Guardian Golem to your library.
  2195 | D:3      | Found a runed translucent gate.
  2195 | D:3      | Found a runed translucent gate.
  2195 | D:3      | Found a runed translucent gate.
  2196 | D:3      | Found an opulent altar of Gozag.
  2197 | D:3      | Noticed mrw0lf's ghost (amateur DsHu)
  2406 | D:4      | Noticed Eustachio
  2450 | D:4      | Reached skill level 2 in Short Blades
  2450 | D:4      | Reached XP level 6. HP: 37/44 MP: 10/10
  2471 | D:4      | HP: 7/44 [acid (6)]
  2581 | D:4      | Noticed Sigmund
  2583 | D:4      | magus.rc [v1.9.6]
  2603 | D:4      | Reached skill level 3 in Short Blades
  2629 | D:4      | Found a bloodstained altar of Trog.
  2657 | D:4      | Reached skill level 4 in Short Blades
  2685 | D:4      | Killed Sigmund
  2686 | D:4      | Reached skill level 5 in Short Blades
  2686 | D:4      | Reached XP level 7. HP: 47/49 MP: 8/11
  2716 | D:4      | Found a shimmering blue altar of Sif Muna.
  2769 | D:4      | Found a basalt altar of Yredelemnul.
  2822 | D:4      | Noticed Blork the orc
  2831 | D:4      | Reached ** piety under Wu Jian
  3071 | D:5      | Entered Level 5 of the Dungeon
  3165 | D:5      | Identified the +1 robe of Maoqe {Drain rPois rN+ Str+3
                  | SInv}
  3204 | D:5      | Reached skill level 6 in Short Blades
  3217 | D:5      | Found a broken altar of Ashenzari.
  3317 | D:5      | Reached skill level 7 in Short Blades
  3504 | D:5      | Reached XP level 8. HP: 41/55 MP: 7/12
  3610 | D:5      | Reached skill level 8 in Short Blades
  3674 | D:5      | Reached skill level 2 in Fighting
  3745 | D:5      | Reached skill level 2 in Dodging
  3999 | D:5      | Found Bihefeem's General Store.
  4113 | D:6      | Reached skill level 3 in Fighting
  4113 | D:6      | Reached skill level 3 in Dodging
  4202 | D:6      | Reached skill level 4 in Dodging
  4202 | D:6      | Reached *** piety under Wu Jian
  4203 | D:6      | Reached skill level 4 in Fighting
  4274 | D:6      | Found a staircase to the Ecumenical Temple.
  4789 | D:6      | Reached skill level 5 in Dodging
  4978 | D:6      | Noticed Prince Ribbit
  4985 | D:6      | Killed Prince Ribbit
  4986 | D:6      | Reached XP level 9. HP: 56/67 MP: 13/13
  5100 | D:6      | Reached skill level 5 in Fighting
  5274 | D:7      | You pick up a book of Spatial Translocations and begin
                  | reading...
  5274 | D:7      | You add the spells Blink, Momentum Strike and Lesser
                  | Beckoning to your library.
  5302 | D:7      | Reached skill level 6 in Dodging
  5510 | D:7      | You pick up a book of Changes and begin reading...
  5544 | D:7      | Reached skill level 6 in Fighting
  5629 | D:7      | Reached skill level 7 in Dodging
  5673 | D:7      | Found a hide-covered altar of Uskayaw.
  5988 | D:8      | Learned a level 2 spell: Blink
  6004 | D:8      | Found a runed translucent gate.
  6009 | D:8      | Found a blossoming altar of Fedhas.
  6312 | D:8      | Reached skill level 9 in Short Blades
  6370 | D:8      | Found an ornate altar of the Wu Jian Council.
  6463 | D:8      | Reached **** piety under Wu Jian
  6678 | D:8      | Found a runed translucent gate.
  6679 | D:8      | Found a runed translucent gate.
  6680 | D:8      | Noticed Domino's ghost (novice MiFi)
  6682 | D:8      | Noticed a kobold demonologist
  6848 | D:8      | Noticed a rust devil
  6897 | D:9      | Reached XP level 10. HP: 77/77 MP: 14/14
  6921 | D:9      | Reached skill level 10 in Short Blades
  7119 | D:9      | Reached skill level 8 in Dodging
  7153 | D:9      | Reached skill level 7 in Fighting
  7295 | D:9      | HP: 16/79 [wraith (5)]
  7695 | D:9      | Reached skill level 9 in Dodging
  7818 | D:9      | You pick up a book of Vapours and begin reading...
  7818 | D:9      | You add the spells Poisonous Vapours and Mephitic Cloud to
                  | your library.
  7868 | D:9      | Learned a level 3 spell: Mephitic Cloud
  7905 | D:9      | Reached skill level 2 in Poison Magic
  8022 | D:9      | Reached skill level 1 in Air Magic
  8027 | D:9      | Noticed a two-headed ogre
  8038 | D:9      | Killed a two-headed ogre
  8039 | D:9      | Reached skill level 1 in Conjurations
  8039 | D:9      | Reached skill level 2 in Air Magic
  8039 | D:9      | Reached skill level 3 in Poison Magic
  8046 | D:9      | Reached skill level 2 in Conjurations
  8062 | D:9      | Reached skill level 3 in Air Magic
  8221 | D:9      | Reached XP level 11. HP: 78/86 MP: 11/15
  8242 | D:9      | Reached ***** piety under Wu Jian
  8295 | D:9      | Found a staircase to the Orcish Mines.
  8355 | D:9      | Identified the +1 scale mail of Xops {Contam rPois rC-
                  | Int+8}
  8390 | D:9      | Reached skill level 4 in Poison Magic
  8402 | D:9      | Reached skill level 3 in Conjurations
  8402 | D:9      | Reached skill level 4 in Air Magic
  8576 | D:9      | Found a shimmering altar of Xom.
  8841 | D:10     | Entered Level 10 of the Dungeon
  8846 | D:10     | Found a staircase to the Lair.
  8978 | D:10     | Reached skill level 3 in Spellcasting
  9192 | D:10     | Found a hazy altar of Hepliaklqana.
  9335 | D:10     | Found a sparkling altar of Nemelex Xobeh.
  9647 | D:10     | Noticed Joseph
  9667 | D:10     | Killed Joseph
 10045 | Lair:1   | Entered Level 1 of the Lair of Beasts
 10089 | Lair:1   | Noticed Erica
 10098 | Lair:1   | Killed Erica
 10099 | Lair:1   | Reached skill level 5 in Poison Magic
 10121 | Lair:1   | Reached skill level 8 in Fighting
 10410 | Lair:1   | Reached skill level 10 in Dodging
 10491 | Lair:1   | Reached skill level 5 in Stealth
 10702 | Lair:1   | Reached skill level 6 in Stealth
 10963 | Lair:1   | Reached skill level 9 in Fighting
 11013 | Lair:1   | Reached XP level 12. HP: 84/95 MP: 10/17
 11018 | Lair:1   | Reached skill level 7 in Stealth
 11452 | Lair:2   | Reached skill level 8 in Stealth
 11648 | Lair:2   | Noticed a five-headed hydra
 11660 | Lair:2   | HP: 22/96 [five-headed hydra (15)]
 11660 | Lair:2   | HP: 10/96 [five-headed hydra (3)]
 11661 | Lair:2   | Slain by a five-headed hydra

Vanquished Creatures
  A two-headed ogre (D:9)
  Erica (Lair:1)
  Joseph (D:10)
  6 cane toads
  An unseen horror (D:10)
  3 komodo dragons (Lair:1)
  A hornet (D:9)
  2 trolls (D:10)
  Prince Ribbit (D:6)
  4 blink frogs (Lair:2)
  Sigmund (D:4)
  A vampire (D:10)
  3 shadows
  3 wyverns
  4 wraiths
  30 yaks
  A basilisk (Lair:2)
  5 humans (D:9)
  A steam dragon (D:9)
  2 water moccasins
  4 orc warriors
  An ice beast (D:8)
  3 black bears
  3 ogres
  A phantom (D:6)
  2 centaurs
  5 kobold brigands
  3 gnoll sergeants
  10 bullfrogs
  2 necrophages
  6 scorpions
  4 wights (D:8)
  5 killer bees (D:7)
  6 howler monkeys
  3 hounds
  7 orc priests
  3 jellies
  2 iguanas (D:6)
  5 orc wizards
  Natasha (thrice) (D:3)
  12 gnolls
  8 adders
  A shadow imp (D:6)
  A white imp (D:5)
  A howler monkey simulacrum (D:9)
  2 dart slugs
  29 orcs
  5 ball pythons
  6 bats
  6 endoplasms
  7 giant cockroaches
  6 goblins
  6 hobgoblins
  4 jackals
  15 kobolds
  6 quokkas
  5 frilled lizards
  5 rats
275 creatures vanquished.

Vanquished Creatures (others)
  A fungus (Lair:2)
  7 plants
8 creatures vanquished.

Grand Total: 283 creatures vanquished

Table legend:
 A = Non-vault XP
 B = Vault XP
 C = Vault XP percentage of total XP
 D = Non-vault monster count
 E = Vault monster count
 F = Vault count percentage of total count
                 A         B        C        D         E       F
            +---------+---------+-------+---------+---------+-------
      Total |   18983 |    5990 |  24.0 |     235 |      40 |  14.5
            +---------+---------+-------+---------+---------+-------
        D:1 |      32 |      12 |  27.3 |      20 |       6 |  23.1
        D:2 |      64 |      14 |  17.9 |      18 |       2 |  10.0
        D:3 |     205 |      35 |  14.6 |      17 |       1 |   5.6
        D:4 |     508 |     243 |  32.4 |      14 |       1 |   6.7
        D:5 |     658 |      93 |  12.4 |      24 |       3 |  11.1
        D:6 |    1031 |     274 |  21.0 |      17 |       1 |   5.6
        D:7 |    1073 |     143 |  11.8 |      25 |       3 |  10.7
        D:8 |     872 |     200 |  18.7 |      25 |       2 |   7.4
        D:9 |    4045 |    3703 |  47.8 |      30 |      19 |  38.8
       D:10 |    1795 |     445 |  19.9 |       9 |       1 |  10.0
     Lair:1 |    6696 |     828 |  11.0 |      27 |       1 |   3.6
     Lair:2 |    2004 |       0 |   0.0 |       9 |       0 |   0.0
            +---------+---------+-------+---------+---------+-------

Illustrated notes

Table legend:
 A = Kills in this place as a percentage of kills in entire the game.
 B = Kills by you in this place as a percentage of kills by you in the entire game.
 C = Kills by friends in this place as a percentage of kills by friends in the entire game.
 D = Other kills in this place as a percentage of other kills in the entire game.
 E = Experience gained in this place as a percentage of experience gained in the entire game.
 F = Experience gained in this place divided by the number of levels of this place that you have seen.
                   A       B       C       D       E      F
               +-------+-------+-------+-------+-------+----------------------
         Total | 100.0 | 100.0 |   N/A | 100.0 | 100.0 | 2081.1
       Dungeon |  86.5 |  86.3 |   N/A | 100.0 |  61.8 | 1544.5
          Lair |  13.5 |  13.7 |   N/A |   0.0 |  38.2 | 4764.0
               +-------+-------+-------+-------+-------+----------------------

Table legend: (Time is in decaauts)
 A = Elapsed time spent in this place.
 B = Non-inter-level travel time spent in this place.
 C = Inter-level travel time spent in this place.
 D = Time resting spent in this place.
 E = Time spent auto-exploring this place.
 F = Levels seen in this place.
 G = Mean time per level.
                   A        B        C        D        E       F      G
               +--------+--------+--------+--------+--------+-----+--------+
         Total |  11399 |  10822 |    577 |   2273 |   6244 |  12 |  949.9 |
       Dungeon |   9867 |   9321 |    546 |   1885 |   5379 |  10 |  986.7 |
          Lair |   1532 |   1502 |     30 |    388 |    865 |   2 |  766.0 |
               +--------+--------+--------+--------+--------+-----+--------+

Top non-repeatable levels by time:
     D:9: 1743 daAuts
     D:6: 1271 daAuts
  Lair:1: 1235 daAuts
    D:10: 1178 daAuts
     D:3: 1089 daAuts
     D:8: 1020 daAuts
     D:1: 880 daAuts
     D:5: 869 daAuts
     D:2: 667 daAuts
     D:7: 577 daAuts
     D:4: 568 daAuts
  Lair:2: 296 daAuts
